 Dungeon Crawl Stone Soup version 0.24-a0-443-g80245de385 (webtiles) character file.

Game seed: 4102980491417368454

1231 Kisielow the Cudgeler (level 8, -3/50 HPs)
             Began as a Gargoyle Fighter on June 18, 2019.
             Slain by an orc warrior
             ... wielding a +0 morningstar
              (11 damage)
             ... on level 6 of the Dungeon on June 21, 2019.
             The game lasted 00:08:13 (4180 turns).

Kisielow the Cudgeler (Gargoyle Fighter)            Turns: 4180, Time: 00:08:14

Health: -3/50      AC: 13    Str: 28    XL:     8   Next: 48%
Magic:  8/8        EV:  8    Int:  8    God:
Gold:   277        SH: 10    Dex:  9    Spells: 7/7 levels left

rFire    . . .     SeeInvis +   a - +0 flail
rCold    . . .     Gourm    .   c - +0 shield
rNeg     + . .     Faith    .   b - +0 scale mail
rPois    ∞         Spirit   .   (no helmet)
rElec    +         Reflect  .   (no cloak)
rCorr    .         Harm     .   (no gloves)
MR       .....                  (no boots)
Stlth    ..........             (no amulet)
HPRegen  0.16/turn              j - ring of see invisible
MPRegen  0.11/turn              (no ring)

@: mighty
A: negative energy resistance 1, electricity resistance, unbreathing,
petrification resistance, rot immunity, AC +5
a: no special abilities


You were on level 6 of the Dungeon.
You were not hungry.

You visited 1 branch of the dungeon, and saw 6 of its levels.

You collected 277 gold pieces.

Inventory:

Hand Weapons
 a - a +0 flail (weapon)
Armour
 b - a +0 scale mail (worn)
 c - a +0 shield (worn)
Jewellery
 j - a ring of see invisible (left hand)
 x - a +5 ring of strength {unknown}
Wands
 e - a wand of acid (4)
 v - a wand of scattershot (6)
Scrolls
 g - a scroll of enchant weapon {unknown}
 i - 3 scrolls of remove curse
 o - a scroll of amnesia
 r - a scroll of enchant armour
 s - a scroll of fear {unknown}
 u - 2 scrolls of identify
 w - 2 scrolls of brand weapon {unknown}
Potions
 h - 2 potions of haste {unknown}
 k - 5 potions of curing
 l - a potion of mutation {unknown}
 m - a potion of ambrosia {unknown}
 p - 2 potions of heal wounds
 q - 2 potions of cancellation {unknown}
 t - 2 potions of resistance {unknown}
Comestibles
 f - 12 rations


   Skills:
 + Level 5.5 Fighting
 * Level 7.2 Maces & Flails
 + Level 5.5 Armour
 + Level 5.5 Shields


You had 7 spell levels left.
You didn't know any spells.
Your spell library contained the following spells:

 Spells                   Type           Power        Failure   Level  Hunger
 Confusing Touch          Hex            #.....       97%         1    ##.....
 Confuse                  Hex            #.......     100%        3    ####...
 Gell's Gravitas          Tloc           #.........   100%        3    ####...
 Petrify                  Tmut/Erth      #.......     100%        4    #####..
 Metabolic Englaciation   Hex/Ice        #.........   100%        5    ######.
 Yara's Violent Unravell  Hex/Tmut       #.........   100%        5    ######.


Dungeon Overview and Level Annotations

Branches:
Dungeon (6/15)
 Temple: D:4-7

Altars:
Xom
The Shining One


Innate Abilities, Weirdness & Mutations

You are resistant to torment.
Your stone body is resilient. (AC +5)
You are immune to poison.
You resist negative energy. (rN+)
You are resistant to electric shocks. (rElec)
You can survive without breathing.
You are immune to petrification.
You are immune to rotting.


Message History

You closely miss the orc warrior. You block the orc warrior's attack.
You hit the orc warrior but do no damage.
The orc warrior hits you with a +0 morningstar.
You closely miss the orc warrior. You block the orc warrior's attack.
Your shield and scale mail prevent you from hitting the orc warrior.
The orc warrior hits you with a +0 morningstar!
* * * LOW HITPOINT WARNING * * *
You closely miss the orc warrior.
The orc warrior hits you with a +0 morningstar!
* * * LOW HITPOINT WARNING * * *
You closely miss the orc warrior. You block the orc warrior's attack.
You feel very mighty all of a sudden. The orc warrior barely misses you.
You sock the orc warrior!
The orc warrior is moderately wounded.
All of the chunks of flesh in your inventory have rotted away.
Your shield and scale mail prevent you from hitting the orc warrior.
The orc warrior is moderately wounded.
The orc warrior hits you with a +0 morningstar!
You die...

#.........#.##..#....(.........
#...####....##..##.#.###.......
##### #.#####..##.#)# #.#...#.
#.#####.......# #.#...#.
#........########.......
#########.#<# #<.......
###....## #.#.#########....
#.......###......######.)..
#......ooo@................
#......o###..#+#.+######..#
#.......###..'_+......##...
#.......o)...#'#......##...
#..).....o............##.##
#................+######.##
#............)##.........##
#.............##..........
#.......########........


You could see an orc warrior, an orc wizard (invisible) and 2 orcs.

Vanquished Creatures
  A sky beast (D:6)
  2 ogres
  A phantom (D:6)
  2 centaurs (D:6)
  2 scorpions
  A howler monkey (D:5)
  3 crimson imps
  3 hounds
  A jelly (D:6)
  2 orc priests (D:6)
  2 orc wizards
  An iguana (D:6)
  A worker ant (D:5)
  A hound skeleton (D:6)
  A howler monkey skeleton (D:6)
  3 gnolls (D:2)
  5 adders
  2 oozes
  A worm (D:2)
  A dart slug (D:2)
  3 leopard geckos
  12 orcs
  4 ball pythons
  3 bats
  6 giant cockroaches
  6 goblins
  5 hobgoblins
  9 jackals
  8 kobolds
  4 quokkas
  6 frilled lizards
  A goblin zombie (D:5)
  3 hobgoblin zombies (D:5)
  A kobold skeleton (D:5)
  2 kobold zombies (D:5)
  2 orc zombies (D:5)
  A quokka skeleton (D:5)
  5 rats
117 creatures vanquished.

Notes
Turn   | Place    | Note
-------+----------+-------------------------------------------
     0 | D:1      | Kisielow the Gargoyle Fighter began the quest for the Orb.
     0 | D:1      | Reached XP level 1. HP: 14/14 MP: 1/1
    71 | D:1      | Reached XP level 2. HP: 17/19 MP: 2/2
   230 | D:1      | Reached skill level 3 in Maces & Flails
   276 | D:1      | Reached XP level 3. HP: 16/23 MP: 3/3
   874 | D:2      | Reached skill level 4 in Maces & Flails
   885 | D:2      | Reached XP level 4. HP: 26/28 MP: 4/4
  1805 | D:3      | Reached XP level 5. HP: 32/32 MP: 5/5
  2661 | D:4      | Reached skill level 5 in Maces & Flails
  2661 | D:4      | Reached XP level 6. HP: 26/38 MP: 6/6
  2691 | D:5      | Entered Level 5 of the Dungeon
  2692 | D:5      | Upgraded the game from 0.24-a0-439-g6dd8730de2 to
                  | 0.24-a0-443-g80245de385
  2695 | D:5      | Found a glowing golden altar of the Shining One.
  3354 | D:5      | Reached XP level 7. HP: 37/44 MP: 7/7
  3526 | D:6      | Reached skill level 6 in Maces & Flails
  3583 | D:6      | Reached skill level 5 in Fighting
  3583 | D:6      | Reached skill level 5 in Armour
  3583 | D:6      | Reached skill level 5 in Shields
  3609 | D:6      | Reached XP level 8. HP: 49/49 MP: 8/8
  3747 | D:6      | Reached skill level 7 in Maces & Flails
  3992 | D:6      | Found a shimmering altar of Xom.
  4180 | D:6      | Slain by an orc warrior

Levels and vault maps discovered:
D:1:      minmay_arrival_shattered_statue, layout_loops_ring
D:2:      layout_basic
D:3:      layout_basic
D:4:      layout_basic, first_ration
D:5:      layout_loops_ring, nicolae_tso_besieged_by_evil
D:6:      layout_basic, kennysheep_mini_moat

Skill      XL: |  1  2  3  4  5  6  7  8 |
---------------+-------------------------+-----
Maces & Flails | 3 4 5 6 7 |  7.2
Fighting       | 4 5 |  5.5
Armour         | 4 5 |  5.5
Shields        | 4 5 |  5.5

Action                   |  1- 3 |  4- 6 |  7- 9 || total
-------------------------+-------+-------+-------++-------
Melee: Flail             |   162 |   265 |   150 ||   577
  Use: Scroll            |       |    10 |       ||    10
       Potion            |       |       |     2 ||     2
  Eat: Chunk             |       |     9 |     3 ||    12
Armor: Scale mail        |   110 |   122 |    68 ||   300
Dodge: Dodged            |    44 |    76 |    59 ||   179
Block: Shield            |    89 |   132 |    73 ||   294

Table legend:
 A = Non-vault XP
 B = Vault XP
 C = Vault XP percentage of total XP
 D = Non-vault monster count
 E = Vault monster count
 F = Vault count percentage of total count
                 A         B        C        D         E       F
            +---------+---------+-------+---------+---------+-------
      Total |    1700 |      59 |   3.4 |     107 |      10 |   8.5
            +---------+---------+-------+---------+---------+-------
        D:1 |      48 |       0 |   0.0 |      23 |       0 |   0.0
        D:2 |      96 |       0 |   0.0 |      19 |       0 |   0.0
        D:3 |      31 |       0 |   0.0 |      18 |       0 |   0.0
        D:4 |     145 |       0 |   0.0 |      13 |       0 |   0.0
        D:5 |     380 |      59 |  13.4 |      14 |      10 |  41.7
        D:6 |    1000 |       0 |   0.0 |      20 |       0 |   0.0
            +---------+---------+-------+---------+---------+-------
